Map: Galactic Process LE

Players

Trickster

  • Race: Terran Terran
  • League: Gold

Nickos - Winner!

  • Race: Terran Terran
  • League: Gold

VOD

Have the link to the VOD?

Description

Time

  • Played on: Oct. 2, 2016, 6:15 a.m.
  • Length: 8:13
Show
View Real Time Build Order
Export as new Build Order

Trickster Terran 

Build Orders:  

Get SALT Encoding   

  12  0:01  SCV  
  13  0:13  SCV  
  14  0:23  Supply Depot  
  14  0:25  SCV  
  15  0:45  SCV  
  15  0:48  Barracks  
  16  0:56  Refinery  
  16  0:57  SCV  
  17  1:09  SCV  
  18  1:21  SCV  
  19  1:33  SCV  
  19  1:36  Supply Depot  
  19  1:37  Refinery  
  20  1:45  Reaper, SCV  
  22  2:03  Orbital Command  
  22  2:05  Command Center  
  22  2:30  SCV  
  23  2:42  SCV  
  24  2:54  SCV  
  25  3:06  SCV  
  25  3:56  Factory  
  25  4:10  Barracks  
  25  4:19  Barracks  
  25  4:22  Barracks  
  25  4:24  Barracks  
  25  4:26  Barracks  
  25  4:28  Barracks x2  
  25  4:35  Barracks Tech Lab, Orbital Command  
  25  4:55  Hellion  
  25  4:59  Starport, Marine  
  28  5:02  Marine  
  29  5:12  Barracks Reactor x3  
  29  5:24  SCV  
  30  5:32  Barracks Reactor x4  
  30  5:36  SCV  
  31  5:43  Supply Depot  
  31  5:45  Supply Depot, Marine  
  31  5:46  Supply Depot  
  31  5:49  Combat Shields, SCV  
  33  5:52  Marine x5  
  33  5:53  Marine  
  39  6:01  SCV  
  39  6:03  Marine  
  41  6:10  Starport Reactor  
  41  6:13  SCV  
  41  6:16  Factory Tech Lab  
  42  6:20  Marine  
  42  6:21  Marine x7  
  42  6:22  Marine x4  
  54  6:31  Supply Depot  
  44  6:38  Marine  
  44  6:39  Marine x2  
  45  6:40  Marine x3  
  49  6:54  Medivac x2  
  51  6:56  Marine  
  54  7:26  Command Center  
  54  7:34  Marine x5  
  54  7:35  Marine  
Show
View Real Time Build Order
Export as new Build Order

Nickos Terran - Winner!

Build Orders:  

Get SALT Encoding   

  12  0:00  SCV  
  13  0:13  SCV  
  14  0:18  Supply Depot  
  14  0:25  SCV  
  15  0:39  SCV  
  15  0:41  Barracks  
  16  0:51  SCV  
  17  1:03  SCV  
  18  1:15  SCV  
  19  1:18  Command Center  
  19  1:28  SCV  
  19  1:32  Marine  
  21  1:38  Supply Depot  
  21  1:42  Orbital Command  
  21  1:52  Marine  
  22  1:56  Barracks  
  22  2:05  Barracks  
  22  2:10  Marine  
  22  2:13  SCV  
  24  2:18  Refinery  
  24  2:21  Refinery  
  24  2:25  SCV  
  25  2:30  Marine  
  25  2:35  Orbital Command  
  26  2:38  SCV  
  27  2:47  Marine  
  27  2:50  SCV  
  29  2:54  Barracks Tech Lab  
  29  2:56  Marine  
  30  3:02  SCV  
  32  3:05  SCV  
  32  3:08  Supply Depot  
  32  3:10  Marine  
  33  3:13  Marine, Stimpack  
  33  3:14  SCV  
  34  3:21  Marine  
  34  3:23  SCV  
  36  3:29  SCV  
  36  3:30  Supply Depot  
  37  3:35  SCV  
  40  3:44  Barracks Reactor x2  
  40  3:46  Marine  
  39  3:52  SCV x2  
  41  3:58  Factory  
  41  4:04  SCV x2, Marine  
  44  4:16  SCV x2  
  46  4:21  Marine  
  47  4:28  SCV  
  47  4:29  SCV  
  49  4:35  Engineering Bay x2  
  49  4:40  SCV  
  49  4:41  SCV  
  49  4:43  Marine  
  49  4:44  Marine x4  
  56  4:46  Starport  
  56  4:53  SCV x2  
  56  4:57  Factory Reactor, Command Center  
  58  5:03  Supply Depot  
  58  5:04  Supply Depot  
  58  5:05  SCV x2  
  60  5:07  Marine x2  
  60  5:11  Terran Infantry Weapons Level 1  
  60  5:12  Terran Infantry Armor Level 1  
  62  5:20  Marine  
  62  5:24  SCV x2, Marine x2  
  62  5:25  Marine x2  
  68  5:36  SCV x2  
  68  5:38  Marine  
  68  5:39  Supply Depot  
  68  5:42  Armory, Marine  
  72  5:44  Widow Mine, Marine x3  
  72  5:48  SCV  
  78  5:50  Supply Depot  
  78  5:52  Medivac, SCV  
  78  5:53  Supply Depot  
  81  6:02  Marine x2  
  81  6:03  Marine x3  
  86  6:10  Medivac  
  88  6:13  Supply Depot  
  88  6:17  Supply Depot  
  88  6:20  Marine x3  
  88  6:22  Medivac  
  93  6:32  Marine  
  93  6:33  Marine  
  93  6:36  Supply Depot  
  93  6:38  Marine x3  
  98  6:50  Marine x2  
  100  6:56  Barracks, Marine x2  
  100  6:57  Barracks x2  
  100  6:59  Refinery, Orbital Command  
  100  7:00  Barracks x2  
  102  7:02  SCV  
  102  7:03  Marine, SCV  
  105  7:09  Supply Depot  
  105  7:13  Supply Depot, Marauder  
  105  7:15  SCV  
  108  7:16  Medivac  
  108  7:17  SCV  
  108  7:19  Marine x2  
  113  7:28  Marine x2  
  115  7:34  Marine  
  115  7:36  Marine  
Tags
 
Add a new tag
Caveats
  • Supply blocks, unpowered buildings, or Contaminate may cause inaccurate times.
  • Supply counts are checked every 10 seconds.